 Dungeon Crawl Stone Soup version 0.29.1-15-g9cfb28693d (webtiles) character file.

Game seed: 15014973573086438351

16 safid the Chiller (level 2, -1/21 HPs)
             Began as a Merfolk Ice Elementalist on Apr 7, 2023.
             Killed by nerve-wracking pain
             ... invoked by Jessica
              (14 damage)
             ... on level 2 of the Dungeon.
             The game lasted 00:01:15 (1256 turns).

safid the Chiller (Merfolk Ice Elementalist)        Turns: 1256, Time: 00:01:17

Health: -1/21      AC:  2    Str:  8    XL:     2   Next: 58%
Magic:  5/5        EV: 12    Int: 14    God:
Gold:   80         SH:  0    Dex: 14    Spells: 4/5 levels left

rFire   . . .      SeeInvis .   f - +2 dagger (venom)
rCold   . . .      Faith    .   (no shield)
rNeg    . . .      Spirit   .   a - +0 robe
rPois   .          Reflect  .   (no helmet)
rElec   .          Harm     .   (no cloak)
rCorr   .          Rampage  .   (no gloves)
Will    .....                   (no boots)
Stlth   ++........              (no amulet)
HPRegen 0.07/turn               (no ring)
MPRegen 0.09/turn               (no ring)

@: no status effects
A: (nimble swimmer 2), mertail
a: no special abilities


You were on level 2 of the Dungeon.
You visited 1 branch of the dungeon, and saw 2 of its levels.

You collected 80 gold pieces.

Inventory:

Hand Weapons
 f - a +2 dagger of venom (weapon)
Armour
 a - a +0 robe (worn)
Jewellery
 h - a ring of fire
Scrolls
 c - 2 scrolls of amnesia {unknown}
 e - a scroll of teleportation {unknown}
 g - a scroll of butterflies {unknown}
 j - a scroll of fear {unknown}
Potions
 b - a potion of magic
 d - 2 potions of curing {unknown}
 i - a potion of mutation {unknown}
 k - a potion of heal wounds {unknown}


   Skills:
 + Level 1.2 Fighting
 - Level 2.6 Dodging
 - Level 2.1 Stealth
 + Level 2.3 Spellcasting
 + Level 4.6 Ice Magic


You had 4 spell levels left.
You knew the following spells:

 Your Spells              Type           Power      Damage    Failure   Level
a - Freeze                Ice            56%        1d7       3%          1

Your spell library contained the following spells:

 Spells                   Type           Power      Damage    Failure   Level
 Frozen Ramparts          Ice            28%        1d5       11%         3
 Ozocubu's Armour         Ice            14%        N/A       11%         3
 Hailstorm                Conj/Ice       8%         3d4       65%         4


Dungeon Overview and Level Annotations

Branches:
Dungeon (2/15)

Altars:

Annotations:
D:2 Jessica


Innate Abilities, Weirdness & Mutations

((You are very nimble when in or above water. (Stealth+, EV+, Speed+++)))
Your lower body shifts to a powerful aquatic tail in water.


Message History

The goblin shouts!
You hit the goblin.
The goblin is poisoned.
The goblin is heavily wounded.
The goblin barely misses you.
You hit the goblin.
You kill the goblin!
Things that are here:
a +0 dagger; a goblin corpse
k - a smoky coppery potion A hobgoblin comes into view.
The helpless hobgoblin fails to defend itself.
You puncture the hobgoblin!
You kill the hobgoblin!
No target in view!
A bat comes into view.
Found 6 datura-tipped darts.
Found a stone staircase leading down.
The bat hits you but does no damage.
You miss the bat. The bat hits you but does no damage. The bat misses you.
You hit the bat.
You kill the bat!
No target in view!
Jessica the Apprentice Sorceress comes into view.
She is wielding a +0 dagger.
Found 13 gold pieces.
You see here 2 fizzy orange potions.
Jessica shouts!
Jessica casts a spell.
Jessica seems to speed up.
Jessica says, "I'm really upset."
Jessica mumbles some strange words.
Jessica blinks!
Jessica shouts, "You're disturbing me!
I'll have to kill you!" Jessica hits you with a +0 dagger.
Jessica closely misses you.
You closely miss Jessica. Jessica misses you.
You hit Jessica but do no damage.
Jessica is poisoned.
Jessica points at you and mumbles some strange words.
Pain shoots through your body! Jessica gestures at you while chanting.
Pain shoots through your body!
Ouch! That really hurt!
You die...

#...#...# #...#...####
########...#<.....#
...........#...##.#
..................#
########..#.########..#
..........#........#..#
#.....@...########.#..#
.......@..#....)...#.##
......$...#.########.#
..........#........#.#
..#####...########.#.#
# #.#.#........#.#
#.##.#!#.########
#..>(...........
#####...#####... #####


You could see Jessica (fast, very poisoned).

Vanquished Creatures
  An endoplasm (D:1)
  A giant cockroach (D:1)
  2 goblins
  2 hobgoblins
  2 quokkas (D:1)
  A bat (D:2)
  2 frilled lizards (D:1)
  3 kobolds (D:1)
  A rat (D:1)
15 creatures vanquished.

Notes
Turn   | Place    | Note
-------+----------+-------------------------------------------
     0 | D:1      | safid the Merfolk Ice Elementalist began the quest for the
                  | Orb.
     0 | D:1      | Reached XP level 1. HP: 13/13 MP: 3/3
   480 | D:1      | Reached XP level 2. HP: 14/20 MP: 0/5
   584 | D:1      | Reached skill level 1 in Fighting
   890 | D:1      | Found a faded altar of an unknown god.
  1248 | D:2      | Noticed Jessica
  1256 | D:2      | Killed from afar by Jessica

Illustrated notes

Levels and vault maps discovered:
D:1:      dpeg_chamrin_arrival_tetris, layout_basic,
          dreamdust_ecumenical_altar_statues, grunt_decor_arrowhead
D:2:      layout_basic, minivault_27, uniq_robin, uniq_jessica, uniq_sigmund

Skill      XL: |  1  2 |
---------------+-------+-----
Fighting       | 1 |  1.2
Dodging        | |  2.6
Stealth        | |  2.1
Spellcasting   | |  2.3
Ice Magic      | |  4.6

Action                   || total
-------------------------++-------
Melee: Whip              ||    11
       Dagger            ||     9
 Cast: Freeze            ||    11
 Stab: Sleeping          ||     4
Armor: Robe              ||     6
Dodge: Dodged            ||    13
